 Dungeon Crawl Stone Soup version 0.31-a0-819-gf6de2f5ab6 (webtiles) character file.

Game seed: 8619867478638338914

186 Dirtsage the Chopper (level 5, -3/41 HPs)
             Began as a Demonspawn Fighter on Sept 23, 2023.
             Succumbed to a gnoll sergeant's poison
             ... on level 3 of the Dungeon.
             The game lasted 00:02:07 (1818 turns).

Dirtsage the Chopper (Demonspawn Fighter)           Turns: 1818, Time: 00:02:08

Health: -3/41      AC: 10    Str: 19    XL:     5   Next: 38%
Magic:  5/5        EV:  9    Int:  9    God:
Gold:   210        SH:  4    Dex: 12    Spells: 4/4 levels left

rFire   . . .        a - +0 war axe
rCold   . . .        c - +0 buckler
rNeg    . . .        b - +0 scale mail
rPois   .            (helmet restricted)
rElec   .            (no cloak)
rCorr   .            g - +0 pair of gloves
SInv    .            d - +0 pair of boots
Will    .....        (no amulet) Stlth
                     (no ring)
HPRegen 0.26/turn    (no ring)
MPRegen 0.09/turn

%: no passive effects
@: lethally poisoned (-3 -> -17)
A: horns 1, yellow scales 1
a: no special abilities


You were on level 3 of the Dungeon.
You visited 1 branch of the dungeon, and saw 3 of its levels.

You collected 210 gold pieces.

Inventory:

Hand Weapons
 a - a +0 war axe (weapon)
Armour
 b - a +0 scale mail (worn)
 c - a +0 buckler (worn)
 d - a +0 pair of boots (worn)
 g - a +0 pair of gloves (worn)
Scrolls
 i - 3 scrolls of fog {unknown}
 j - 3 scrolls of identify {unknown}
 k - a scroll of teleportation {unknown}
 m - a scroll of acquirement {unknown}
 o - a scroll of amnesia {unknown}
 q - a scroll of summoning {unknown}
Potions
 e - a potion of heal wounds {unknown}
 f - a potion of curing {unknown}
 h - a potion of enlightenment {unknown}
 n - 2 potions of haste {unknown}
 p - a potion of ambrosia {unknown}
 r - a potion of berserk rage {unknown}


   Skills:
 - Level 3.0 Fighting
 + Level 5.2 Axes
 - Level 2.6 Armour
 - Level 2.6 Shields


You had 4 spell levels left.
You didn't know any spells.
Your spell library contained the following spells:

 Spells                   Type           Power      Damage    Failure   Level
 Blink                    Tloc           0%         N/A       93%         2
 Manifold Assault         Tloc           0%         N/A       100%        4


Dungeon Overview and Level Annotations

Branches:
Dungeon (3/15)

Altars:


Innate Abilities, Weirdness & Mutations

You have a pair of small horns on your head.
You are partially covered in yellow scales. (AC +2)


Message History

The throwing net closely misses the gnoll sergeant.
The throwing net hits the gnoll.
The gnoll is caught in the net!
The gnoll struggles against the net.
You block the gnoll sergeant's attack.
The gnoll struggles against the net.
You hit the gnoll sergeant but do no damage.
The gnoll sergeant closely misses you.
The gnoll struggles against the net.
You slash the gnoll sergeant!
The gnoll sergeant is moderately wounded.
You block the gnoll sergeant's attack.
The gnoll struggles against the net.
You hit the gnoll sergeant but do no damage.
You headbutt the gnoll sergeant, but do no damage.
The gnoll sergeant is moderately wounded.
The gnoll sergeant closely misses you.
The gnoll struggles against the net.
The net rips apart, and the gnoll comes free!
The gnoll sergeant hits you with a +2 spear of venom!
You are poisoned.
You take 9 damage, and have 23/41 hp.
MASSIVE DAMAGE!!
You slash the gnoll sergeant!
The gnoll sergeant is heavily wounded.
You feel very sick.
The gnoll sergeant hits you with a +2 spear of venom.
You take 6 damage, and have 17/41 hp.
You closely miss the gnoll sergeant.
The gnoll sergeant is heavily wounded.
You feel very sick.
The gnoll sergeant hits you with a +2 spear of venom!
* * * LOW HITPOINT WARNING * * *
You take 13 damage, and have 4/41 hp.
MASSIVE DAMAGE!!
You hit the gnoll sergeant but do no damage.
Your headbutt misses the gnoll sergeant.
The gnoll sergeant is heavily wounded.
* * * LOW HITPOINT WARNING * * *
You feel sick.
The gnoll sergeant hits you but does no damage.
You are more poisoned.
You take 2 damage, and have 2/41 hp.
You hit the gnoll sergeant but do no damage.
You headbutt the gnoll sergeant.
The gnoll sergeant is severely wounded.
You die...

## .#....♣♣♣ #.# #
.#..♣..)♣♣#.#
.'.....gg...#
.#.♣..).♣♣#.# ##
#..).♣♣♣ #.# .#
#..♣♣ #.# .# ...
#g# ### ♣♣ #g#
..##############@#
.........#....##.#
.........#....##.#
.........#....##.#
.........#....##.#
.........#....##.#
..########....##.#
#.########....##(#
#........#....##.#


You could see a gnoll sergeant and a gnoll.

Vanquished Creatures
  A scorpion (D:3)
  2 gnolls (D:3)
  5 adders
  2 worms
  A dart slug (D:2)
  7 ball pythons
  9 endoplasms
  4 giant cockroaches
  A goblin (D:2)
  7 hobgoblins
  2 quokkas
  5 bats
  2 frilled lizards
  3 kobolds
  6 rats
57 creatures vanquished.

Notes
Turn   | Place    | Note
-------+----------+-------------------------------------------
     0 | D:1      | Dirtsage the Demonspawn Fighter began the quest for the
                  | Orb.
     0 | D:1      | Reached XP level 1. HP: 18/18 MP: 1/1
    51 | D:1      | Reached skill level 2 in Axes
   285 | D:1      | Gained mutation: You are partially covered in yellow
                  | scales. (AC +2) [demonic ancestry]
   285 | D:1      | Reached XP level 2. HP: 14/24 MP: 2/2
   552 | D:1      | Reached skill level 3 in Axes
   751 | D:2      | Gained mutation: You have a pair of small horns on your
                  | head. [demonic ancestry]
   751 | D:2      | Reached XP level 3. HP: 21/29 MP: 3/3
   929 | D:2      | Reached skill level 4 in Axes
   929 | D:2      | Reached XP level 4. HP: 35/35 MP: 4/4
  1517 | D:3      | Noticed a scorpion
  1522 | D:3      | Killed a scorpion
  1523 | D:3      | Reached XP level 5. HP: 41/41 MP: 5/5
  1562 | D:3      | Identified the +1 rapier of Judgement {vamp, rElec Int-4
                  | Stlth+}
  1596 | D:3      | Reached skill level 5 in Axes
  1817 | D:3      | HP: 2/41 [poisoned by a gnoll sergeant]
  1818 | D:3      | Succumbed to a gnoll sergeant's poison

Illustrated notes

Levels and vault maps discovered:
D:1:      dpeg_arrival_line_fractal, layout_basic
D:2:      layout_basic, minmay_fractal_squares_5
D:3:      layout_basic, pf_guarded_unrand_woodcutter

Skill      XL: |  1  2  3  4  5 |
---------------+----------------+-----
Axes           | 2 3 4 5 |  5.2
Fighting       | |  3.0
Armour         | |  2.6
Shields        | |  2.6

Action                     |  1- 3 |  4- 6 || total
---------------------------+-------+-------++-------
  Melee: War axe           |    89 |    68 ||   157
         Headbutt          |     4 |     7 ||    11
  Throw: Throwing net      |       |     1 ||     1
    Use: Potion            |       |     1 ||     1
 Armour: Scale mail        |    88 |    43 ||   131
  Dodge: Dodged            |    54 |    34 ||    88
  Block: Buckler           |    23 |    10 ||    33

Table legend: (Time is in decaauts)
 A = Elapsed time spent in this place.
 B = Non-inter-level travel time spent in this place.
 C = Inter-level travel time spent in this place.
 D = Time resting spent in this place.
 E = Time spent auto-exploring this place.
 F = Levels seen in this place.
 G = Mean time per level.
                   A        B        C        D        E       F      G
               +--------+--------+--------+--------+--------+-----+--------+
         Total |   1873 |   1831 |     42 |      0 |   1451 |   3 |  624.3 |
       Dungeon |   1873 |   1831 |     42 |      0 |   1451 |   3 |  624.3 |
               +--------+--------+--------+--------+--------+-----+--------+

Top non-repeatable levels by time:
     D:1: 771 daAuts
     D:2: 761 daAuts
     D:3: 340 daAuts
